 Dungeon Crawl Stone Soup version 0.17-a0-1691-g18a3847 (console) character file.

15 Monkaria the Ducker (level 2, -3/14 HPs)
             Began as a Felid Chaos Knight on Aug 20, 2015.
             Slain by a shadow (12 damage)
             ... summoned by the capriciousness of Xom
             ... on level 2 of the Dungeon.
             The game lasted 00:01:04 (960 turns).

Monkaria the Ducker (Felid Chaos Knight)             Turns: 960, Time: 00:01:04

Health: -3/14      AC:  1    Str:  8    XL:     2   Next: 34%
Magic:  3/3        EV: 20    Int: 13    God:    Xom [..*...]
Gold:   38         SH:  0    Dex: 20    Spells: 0 memorised, 1 level left
                                        Lives:  0   Deaths: 0

rFire  + . .     SeeInvis +       - Unarmed
rCold  . . .     Clarity  .     (armour unavailable)
rNeg   . . .     SustAt   .     (shield unavailable)
rPois  .         Gourm    .     (helmet unavailable)
rElec  .         Spirit   .     (cloak unavailable)
rCorr  .         Warding  .     (gloves unavailable)
rMut   .         Stasis   .     (boots unavailable)
MR     .....                    (no amulet)
Stlth  ++........               g - ring of protection from fire (curse)
                                c - +5 ring of dexterity

@: quick, not resistant to hostile enchantments, unstealthy
A: no armour, no weapons or thrown items, claws 1, fangs 3, see invisible,
carnivore 3, speed 1, shaggy fur 1, slow metabolism 1, sharp paws
a: Renounce Religion


You were on level 2 of the Dungeon.
You worshipped Xom.
You were a toy of Xom.
You were full.

You visited 1 branch of the dungeon, and saw 2 of its levels.

You collected 38 gold pieces.

Inventory:

Jewellery
 c - a +5 ring of dexterity (left paw)
 g - a cursed ring of protection from fire (right paw)
 i - an uncursed ring of invisibility
 k - a +3 ring of protection {unknown}
Scrolls
 b - 3 scrolls of identify {unknown}
 d - a scroll of blinking {unknown}
 e - 2 scrolls of remove curse {unknown}
 h - a scroll of fear {unknown}
 j - a scroll of random uselessness {unknown}
Potions
 f - a potion of curing {unknown}
Comestibles
 a - a meat ration
 l - a chunk of flesh


   Skills:
 - Level 3.0 Fighting
 + Level 4.4 Dodging
 - Level 3.0 Unarmed Combat


You had one spell level left.
You didn't know any spells.

Dungeon Overview and Level Annotations

Branches:
Dungeon (2/15)

Altars:


Innate Abilities, Weirdness & Mutations

You cannot wear armour.
You are incapable of wielding weapons or throwing items.
You have sharp claws.
You have razor-sharp teeth.
You have supernaturally acute eyesight.
You are carnivorous and can eat meat at any time.
You cover ground quickly.
You are covered in fur (AC +1).
You have a slow metabolism.
Your sharp claws are effective at attacking unaware monsters.


Message History

Things that are here:
a dagger; a goblin corpse You butcher the goblin corpse.
The worm moves out of view.
l - 3 chunks of flesh You see here a dagger.
Eat one of 3 chunks of flesh? (ye/n/q/i?) This raw flesh tastes great.
You continue eating. x2
You hear Xom's maniacal laughter.
Flickering shadows surround you.
Eat one of 2 chunks of flesh? (ye/n/q/i?) This raw flesh tastes great.
The shadow misses you.
You continue eating.
The shadow barely misses you.
You continue eating.
The shadow slips into darkness.
The shadow flickers and vanishes for a moment.
The shadow hits you!
Ouch! That really hurt!
You die...

.. .. ... .. ..
...###...#######..###
....##.....<........
#...######.###..###
###.#...####.........
..................##
...###@..###.#...#
.......WW.....#...#
.......##........##
#...##...##.#.#...##
..# ###..#........# #
##...#...#...#
###.....#.#...
##.>.....###.
##...#... .


You could see 2 shadows.

Vanquished Creatures
  A ball python (D:1)
  4 bats
  A giant cockroach (D:1)
  2 hobgoblins (D:1)
  3 giant newts (D:1)
  2 goblins
  2 rats
15 creatures vanquished.

Notes
Turn   | Place    | Note
--------------------------------------------------------------
     0 | D:1      | Monkaria the Felid Chaos Knight began the quest for the Orb.
     0 | D:1      | Reached XP level 1. HP: 10/10 MP: 2/2
   311 | D:1      | XOM: mild Divn miscast
   486 | D:1      | Reached skill level 4 in Dodging
   524 | D:1      | Reached XP level 2. HP: 9/14 MP: 3/3
   957 | D:2      | XOM: medium Necr miscast
   958 | D:2      | Noticed a shadow
   958 | D:2      | Noticed a shadow
   960 | D:2      | Slain by a shadow

Vault maps used:
D:1:      lightli_arrival_flooded_house, hangedman_decor_growths
D:2:      makhleb_altar_promises_db, elyvilon_altar_4, okawaru_gym_becter

Action                   || total
-------------------------++-------
Melee: Unarmed           ||    52
 Stab: Sleeping          ||     3
  Eat: Chunk             ||     4
